 Dungeon Crawl Stone Soup version 0.28.0-53-g5a82cb258f (webtiles) character file.

Game seed: 15315039363979722752

144 Gabide the Shooter (level 5, -1/32 HPs)
             Began as a Deep Elf Hunter on June 18, 2022.
             Shot with a stone by a goblin (4 damage)
             ... led by Robin
             ... on level 3 of the Dungeon.
             The game lasted 00:04:23 (3209 turns).

Gabide the Shooter (Deep Elf Hunter)                Turns: 3209, Time: 00:04:24

Health: -1/32      AC:  3    Str: 11    XL:     5   Next: 5%
Magic:  7/7        EV:  9    Int: 16    God:
Gold:   79         SH:  0    Dex: 15    Spells: 4/4 levels left

rFire   . . .      SeeInvis .   a - +1 shortbow
rCold   . . .      Faith    .   (shield currently unavailable)
rNeg    . . .      Spirit   .   c - +0 leather armour
rPois   .          Reflect  .   (no helmet)
rElec   .          Harm     .   (no cloak)
rCorr   .          Rampage  .   (no gloves)
Will    .....                   (no boots)
Stlth   ++........              (no amulet)
HPRegen 0.10/turn               (no ring)
MPRegen 0.10/turn               (no ring)

@: constricted
A: no striking features
a: no special abilities


You were on level 3 of the Dungeon.
You visited 1 branch of the dungeon, and saw 3 of its levels.

You collected 79 gold pieces.

Inventory:

Hand Weapons
 a - a +1 shortbow (weapon)
 b - a +0 short sword
Missiles
 d - 6 arrows (quivered ammo)
Armour
 c - a +0 leather armour (worn)
Scrolls
 f - a scroll of vulnerability
 i - a scroll of noise {unknown}
 j - a scroll of enchant weapon {unknown}
 k - a scroll of torment {unknown}
 l - a scroll of magic mapping {unknown}
 m - a scroll of amnesia
 n - a scroll of fog {unknown}
 o - a scroll of enchant armour {unknown}
Potions
 h - a potion of curing


   Skills:
 + Level 3.2 Fighting
 + Level 7.0 Bows
 - Level 2.4 Dodging
 - Level 1.2 Stealth


You had 4 spell levels left.
You didn't know any spells.
Your spell library was empty.

Dungeon Overview and Level Annotations

Branches:
Dungeon (3/15)

Altars:
Dithmenos

Shops:
D:1 !


Message History

You feel better. The orc wizard barely misses you.
Fire: 9 arrows
Press: ? - help, Q - select action Shift-Dir - straight line, f - orc wizard
Aim: an orc wizard, wielding a +0 dagger and wearing a +0 robe (58% to hit)
You shoot an arrow. The arrow hits the orc wizard!
The orc wizard is heavily wounded.
The orc wizard hits you with a +0 dagger.
Fire: 8 arrows
Press: ? - help, Q - select action Shift-Dir - straight line, f/p - orc wizard
Aim: an orc wizard, wielding a +0 dagger and wearing a +0 robe (heavily wounded, 58% to hit)
You shoot an arrow. The arrow hits the orc wizard.
The orc wizard is severely wounded.
The orc wizard gestures at you while chanting.
The puff of flame hits you!
* * * LOW HITPOINT WARNING * * *
Fire: 7 arrows
Press: ? - help, Q - select action Shift-Dir - straight line, f/p - orc wizard
Aim: an orc wizard, wielding a +0 dagger and wearing a +0 robe (severely wounded, 58% to hit)
You shoot an arrow. The arrow hits the orc wizard!
You kill the orc wizard!
Your Bows skill increases to level 7!
You have reached level 5!
Okay, then.
A goblin comes into view.
It is wielding a +0 dagger of electrocution.
Things that are here:
an arrow; a +0 club; a goblin corpse The goblin no longer looks unusually strong.
The goblin shouts!
A goblin comes into view. It is wielding a +0 club.
Found a shadowy altar of Dithmenos.
Really walk into that teleport trap?
You enter a teleport trap!
The teleport trap disappears.
Your surroundings suddenly seem different.
A goblin comes into view. It is wielding a +0 club. x2
The ball python barely misses you. The ball python grabs you.
The ball python constricts you.
* * * LOW HITPOINT WARNING * * *
The goblin unwields a +0 club.
The goblin wields a +0 hunting sling.
The goblin shoots a stone.
The stone hits you.
You die...

## #.#
########### #.#
........@.##.#
......Sg...##
#.
####..###..g.#
.
#........go(#g#
. #.####.####o#
g# .
#.......#o# # #
#.......#(# #
#.......#.# #
#..._...#o. #


You could see 3 orcs, 5 goblins and a ball python.

Vanquished Creatures
  An orc wizard (D:3)
  Robin (D:3)
  4 adders
  A worm (D:2)
  3 dart slugs
  4 orcs (D:3)
  3 endoplasms
  A giant cockroach (D:2)
  7 goblins
  5 hobgoblins
  5 jackals (D:2)
  6 kobolds
  A quokka (D:1)
  7 ball pythons
  2 bats
  2 frilled lizards (D:2)
  5 rats
58 creatures vanquished.

Notes
Turn   | Place    | Note
-------+----------+-------------------------------------------
     0 | D:1      | Gabide the Deep Elf Hunter began the quest for the Orb.
     0 | D:1      | Reached XP level 1. HP: 12/12 MP: 3/3
   183 | D:1      | Reached XP level 2. HP: 16/17 MP: 4/4
   698 | D:1      | Found Utonue's Distillery.
   811 | D:1      | Found a faded altar of an unknown god.
  1000 | D:2      | Reached skill level 6 in Bows
  1000 | D:2      | Reached XP level 3. HP: 9/21 MP: 5/5
  1526 | D:2      | HP: 1/22 [poisoned by an adder]
  2619 | D:2      | Reached XP level 4. HP: 24/27 MP: 6/6
  2687 | D:3      | Noticed Robin
  3199 | D:3      | Killed Robin
  3205 | D:3      | Reached skill level 7 in Bows
  3205 | D:3      | Reached XP level 5. HP: 3/32 MP: 7/7
  3208 | D:3      | Found a shadowy altar of Dithmenos.
  3209 | D:3      | Shot with a stone by a goblin

Illustrated notes

Levels and vault maps discovered:
D:1:      pf_arrival_petrified_forest, layout_rooms,
          shapermc_ecumenical_altar_hornbeckon, serial_shops, shop
D:2:      layout_loops_corners
D:3:      layout_loops_ring, lemuel_tele_altar, uniq_robin, uniq_terence

Skill      XL: |  1  2  3  4 |
---------------+-------------+-----
Fighting       | 2 3 |  3.2
Bows           | 6 7 |  7.0
Dodging        | |  2.4
Stealth        | |  1.2

Action                   |  1- 3 |  4- 6 || total
-------------------------+-------+-------++-------
Melee: Short sword       |   104 |    13 ||   117
       Punch             |       |     1 ||     1
 Fire: Shortbow          |    59 |    42 ||   101
  Use: Scroll            |     1 |     2 ||     3
       Potion            |     2 |     2 ||     4
 Stab: Sleeping          |     1 |     1 ||     2
Armor: Leather armour    |    27 |    14 ||    41
Dodge: Dodged            |    76 |    15 ||    91
